 Dungeon Crawl Stone Soup version 0.23-a0-386-g9c9d49f (webtiles) character file.

4136 Firecrotchwizard the Carver (level 10, 0/91 HPs)
             Began as a Minotaur Gladiator on Oct 28, 2018.
             Was a Believer of Makhleb.
             Killed from afar by a starcursed mass (14 damage)
             ... with an accursed screaming
             ... on level 1 of the Abyss.
             The game lasted 00:16:12 (9075 turns).

Firecrotchwizard the Carver (Minotaur Gladiator)    Turns: 9075, Time: 00:16:12

Health: 0/91       AC: 14    Str: 21    XL:     10   Next: 6%
Magic:  18/18      EV: 32    Int:  5    God:    Makhleb [**....]
Gold:   452        SH:  0    Dex: 22    Spells: 9/9 levels left

rFire    . . .     SeeInvis .   a - +0 long sword
rCold    . . .     Gourm    .   (no shield)
rNeg     . . .     Faith    .   s - +6 ring mail "Viwupt" {Dex+6}
rPois    .         Spirit   .   c - +0 hat
rElec    .         Reflect  .   (no cloak)
rCorr    .         Harm     .   (no gloves)
MR       .....                  G - +1 pair of boots
Stlth    +.........             t - amulet of the acrobat
HPRegen  0.25/turn              l - +3 ring of dexterity
MPRegen  0.16/turn              H - ring of magical power {MP+9}

@: about to teleport, vulnerable, studying Shields
A: retaliatory headbutt, horns 2
a: Minor Destruction, Renounce Religion


You were on level 1 of the Abyss.
You worshipped Makhleb.
Makhleb was pleased with you.
You were not hungry.

You visited 2 branches of the dungeon, and saw 10 of its levels.
You visited the Abyss 1 time.

You collected 452 gold pieces.

Inventory:

Hand Weapons
 a - a +0 long sword (weapon)
Missiles
 d - 6 throwing nets {=f, !d}
Armour
 c - a +0 hat (worn)
 s - the +6 ring mail "Viwupt" (worn) {Dex+6}
   (You found it on level 7 of the Dungeon)

   It affects your dexterity (+6).
 G - a +1 pair of boots (worn)
   (You found it on level 8 of the Dungeon)
Jewellery
 l - a +3 ring of dexterity (left hand)
   (You found it on level 3 of the Dungeon)
 t - an amulet of the acrobat (around neck)
   (You found it on level 5 of the Dungeon)
 y - an uncursed ring of fire {rF+, rC-}
   (You found it on level 4 of the Dungeon)
 z - an uncursed ring of flight {+Fly, !d}
   (You found it on level 4 of the Dungeon)
 H - a ring of magical power (right hand) {MP+9}
   (You found it on level 8 of the Dungeon)
Wands
 x - a wand of disintegration (15)
   (You found it on level 4 of the Dungeon)
Scrolls
 g - a scroll of fear
 h - a scroll of fog
 i - 7 scrolls of identify
 k - 4 scrolls of amnesia
 n - a scroll of remove curse
 q - a scroll of enchant armour
 B - a scroll of blinking {unknown}
 E - 3 scrolls of random uselessness
Potions
 e - 2 potions of resistance
 m - a potion of invisibility {unknown}
 p - 2 potions of degeneration {unknown}
 r - a potion of flight {unknown}
 u - 3 potions of curing {unknown}
 A - 2 potions of lignification {unknown}
Books
 v - a manual of Shields {!d}
   (You found it on level 7 of the Dungeon)
Comestibles
 f - 16 rations


   Skills:
 + Level 9.1 Fighting
 * Level 12.5 Long Blades
 - Level 2.0 Throwing
 + Level 5.2 Armour
 - Level 7.0 Dodging


You had 9 spell levels left.
You didn't know any spells.
Your spell library contained the following spells:

 Spells                   Type           Power        Failure   Level  Hunger
 Magic Dart               Conj           #...         63%         1    ##.....
 Searing Ray              Conj           #.....       77%         2    ###....
 Dazzling Spray           Conj/Hex       #.....       94%         3    ####...
 Force Lance              Conj/Tloc      #.......     100%        4    #####..
 Fulminant Prism          Conj/Hex       #.........   100%        4    #####..
 Iskenderun's Mystic Bla  Conj           #.......     100%        4    #####..


Dungeon Overview and Level Annotations

Branches:
Dungeon (9/15)             Temple (1/1) D:6            Lair (0/6) D:8
    Orc: D:9-12

Altars:
Ashenzari
Cheibriados
Dithmenos
Elyvilon
Fedhas
Gozag
Hepliaklqana
Kikubaaqudgha
Makhleb
Nemelex Xobeh
Okawaru
Qazlal
Ru
Sif Muna
Trog
Uskayaw
Vehumet
Wu Jian
Xom
Yredelemnul
Zin
The Shining One

Shops:
D:9 (!

Annotations:
D:8 exclusion: Psyche, Psyche
D:9 Erolcha, Maurice


Innate Abilities, Weirdness & Mutations

You reflexively headbutt those who attack you in melee.
You have a pair of horns on your head.


Message History

The thrashing horror misses you.
You barely miss the thrashing horror.
Your headbutt misses the thrashing horror.
The thrashing horror tramples you!
You hold your ground!
The thrashing horror tramples you but does no damage.
You take 7 damage, and have 34/82 hp.
The thrashing horror roars!
The thrashing horror completely misses you.
The thrashing horror barely misses you.
The thrashing horror roars!
The thrashing horror barely misses you. You furiously retaliate!
You headbutt the thrashing horror!
You riposte.
You hit the thrashing horror but do no damage.
The thrashing horror tramples you.
You hold your ground!
You take 3 damage, and have 31/82 hp.
You slash the thrashing horror!
You headbutt the thrashing horror, but do no damage.
The thrashing horror tramples you!
* * * LOW HITPOINT WARNING * * *
You stumble backwards!
You take 9 damage, and have 22/82 hp.
The thrashing horror roars!
The thrashing horror completely misses you.
The thrashing horror barely misses you.
You slash the thrashing horror!
The thrashing horror tramples you but does no damage. x2
The thrashing horror roars!
You closely miss the thrashing horror.
Your headbutt misses the thrashing horror.
The thrashing horror tramples you but does no damage. x2
You slash the thrashing horror!
You destroy the thrashing horror!
Makhleb accepts your kill.
Your Fighting skill increases to level 9!
Your Armour skill increases to level 5!
You have reached level 10!
You regained 2 hp, and now have 26/91 hp.
MP restored: 18 You start resting.
A purple draconian comes into view. It is wielding a +0 trident.
You regained 16 hp, and now have 42/91 hp.
A starcursed mass comes into view.
A starcursed mass splits.
A chorus of shrieks assaults your mind.
You take 7 damage, and have 36/91 hp.
A glowing orange brain comes into view.
The glowing orange brain turns its attention towards you.
As you read the scroll labeled XEES NULAT, it crumbles to dust.
The dust glows brilliant cobalt blue!
It was a scroll of random uselessness.
A thrashing horror comes into view.
As you read the scroll labeled FOJU PA PATT, it crumbles to dust.
It is a scroll of enchant armour.
Your +0 pair of boots glows green for a moment.
The thrashing horror roars!
The glowing orange brain blinks!
As you read the scroll labeled XUPSENAGHE, it crumbles to dust.
You feel momentarily disoriented.
It was a scroll of magic mapping.
As you read the scroll labeled SIWECUIMYI, it crumbles to dust.
The creatures around you are filled with an inner flame!
It was a scroll of immolation.
The thrashing horror tramples you.
You hold your ground!
The thrashing horror tramples you but does no damage.
You take 3 damage, and have 35/91 hp.
As you read the scroll labeled DYMOZE COBUR, it crumbles to dust.
Magic quickly surges around you.
It was a scroll of vulnerability.
The thrashing horror tramples you but does no damage.
The thrashing horror closely misses you.
A starcursed mass splits.
As you read the scroll labeled BYMEGUTOLAJAI, it crumbles to dust.
You feel strangely unstable.
You feel the power of the Abyss delaying your translocation!
It was a scroll of teleportation.
The thrashing horror closely misses you.
You furiously retaliate!
You headbutt the thrashing horror.
The thrashing horror tramples you but does no damage.
A starcursed mass splits.
The thrashing horror roars!
The thrashing horror completely misses you.
The thrashing horror barely misses you.
A starcursed mass splits.
The thrashing horror roars!
The thrashing horror closely misses you.
The thrashing horror completely misses you.
A chorus of shrieks assaults your mind.
* * * LOW HITPOINT WARNING * * *
You take 12 damage, and have 24/91 hp.
The thrashing horror roars!
The thrashing horror completely misses you. x2
A deafening chorus of shrieks assaults your mind!
* * * LOW HITPOINT WARNING * * *
A starcursed mass splits.
You take 11 damage, and have 13/91 hp.
The thrashing horror roars!
The thrashing horror closely misses you.
You furiously retaliate!
You headbutt the thrashing horror, but do no damage.
You riposte.
You slash the thrashing horror! You headbutt the thrashing horror.
The thrashing horror completely misses you.
The glowing orange brain pulsates.
A deafening chorus of shrieks assaults your mind!
You die...

###. .# .##
.#.. ...
####.#.##..#.
#...#.#...#..
#@##......(.
#X..X....# #
##.X#...#. ..
#.#XX.## # ##.
###XGX# ! .. ##
# . #.##X.#..#
#d. .. # ..#
#..#...# . . ##
#.##.........#
#. ##..
.##..#.#..#....


You could see 7 starcursed masses, a glowing orange brain (inner flame) and a
thrashing horror (inner flame).

Vanquished Creatures
  A thrashing horror (Abyss:1)
  A gargoyle (D:9)
  A komodo dragon (D:8)
  Grinder (D:4)
  A wyvern (D:8)
  Grum (D:8)
  A phantom (D:5)
  2 ice beasts
  4 ogres
  4 wolves (D:8)
  Blork the orc (D:6)
  2 bullfrogs
  2 scorpions
  A water moccasin skeleton (D:5)
  A wight (D:9)
  3 crimson imps
  A centaur zombie (D:8)
  3 orc priests
  8 hounds
  3 jellies
  2 orc wizards
  A centaur skeleton (D:4)
  7 worker ants
  A worker ant zombie (D:5)
  8 gnolls
  11 adders
  2 river rats (D:4)
  A shadow imp (D:5)
  An adder zombie (D:6)
  3 adder skeletons
  5 worms
  4 dart slugs
  4 leopard geckos
  28 orcs
  4 giant cockroaches
  4 goblins
  4 hobgoblins
  15 jackals
  4 quokkas
  2 ball pythons
  4 bats
  5 frilled lizards
  7 kobolds
  A leopard gecko skeleton (D:8)
  A quokka skeleton (D:4)
  11 rats
182 creatures vanquished.

Vanquished Creatures (others)
  A plant (D:8)
1 creature vanquished.

Grand Total: 183 creatures vanquished

Notes
Turn   | Place    | Note
-------+----------+-------------------------------------------
     0 | D:1      | Firecrotchwizard the Minotaur Gladiator began the quest for
                  | the Orb.
     0 | D:1      | Reached XP level 1. HP: 18/18 MP: 0/0
   479 | D:1      | Reached skill level 4 in Long Blades
   503 | D:1      | Reached XP level 2. HP: 25/25 MP: 1/1
   886 | D:2      | HP: 6/25 [poisoned by an adder]
   892 | D:1      | HP: 5/37 [poisoned by an adder]
   994 | D:2      | Reached skill level 3 in Fighting
   994 | D:2      | Reached XP level 3. HP: 17/31 MP: 2/2
   998 | D:2      | HP: 7/31 [goblin/+0 dagger (5)]
  1004 | D:2      | HP: 6/31 [poisoned by an adder]
  1609 | D:2      | Reached XP level 4. HP: 38/38 MP: 3/3
  1609 | D:2      | Reached skill level 5 in Long Blades
  1777 | D:2      | Reached skill level 4 in Dodging
  2289 | D:3      | Reached XP level 5. HP: 33/46 MP: 4/4
  2295 | D:3      | HP: 11/46 [something/magic dart (7)]
  2608 | D:3      | Reached skill level 4 in Fighting
  2608 | D:3      | Reached skill level 6 in Long Blades
  2769 | D:3      | You fall through a shaft for 2 floors!
  2769 | D:5      | Entered Level 5 of the Dungeon
  2784 | D:5      | Found an ancient bone altar of Kikubaaqudgha.
  2784 | D:5      | Found a snail-covered altar of Cheibriados.
  2785 | D:5      | Found an ornate altar of the Wu Jian Council.
  2787 | D:5      | Found a white marble altar of Elyvilon.
  2789 | D:5      | Found a blossoming altar of Fedhas.
  2792 | D:5      | Reached XP level 6. HP: 53/53 MP: 5/5
  2939 | D:4      | Reached skill level 5 in Dodging
  2940 | D:4      | Reached skill level 7 in Long Blades
  3313 | D:4      | Reached skill level 5 in Fighting
  3313 | D:4      | Reached XP level 7. HP: 54/61 MP: 6/6
  3579 | D:4      | Noticed Grinder
  3585 | D:4      | Killed Grinder
  3585 | D:4      | Reached skill level 8 in Long Blades
  3925 | D:5      | Found a basalt altar of Yredelemnul.
  4075 | D:5      | Reached skill level 6 in Fighting
  4075 | D:5      | Reached skill level 6 in Dodging
  4082 | D:5      | Reached XP level 8. HP: 42/70 MP: 7/7
  4824 | D:5      | Reached skill level 9 in Long Blades
  5057 | D:6      | Noticed Blork the orc
  5070 | D:6      | Killed Blork the orc
  5461 | D:6      | Found a staircase to the Ecumenical Temple.
  5467 | Temple   | Entered the Ecumenical Temple
  5590 | Temple   | Became a worshipper of Makhleb the Destroyer
  5826 | D:6      | Reached skill level 10 in Long Blades
  6046 | D:6      | Reached skill level 7 in Fighting
  6142 | D:6      | Noticed a moth of wrath
  6145 | D:6      | Found a bloodstained altar of Trog.
  6253 | D:7      | Found a hide-covered altar of Uskayaw.
  6507 | D:7      | Reached skill level 7 in Dodging
  6867 | D:7      | Got a distressingly furry ring mail
  7000 | D:7      | Reached skill level 1 in Armour
  7000 | D:7      | Reached XP level 9. HP: 43/79 MP: 8/8
  7166 | D:7      | Identified the +6 ring mail "Viwupt" {Dex+6} (You found it
                  | on level 7 of the Dungeon)
  7190 | D:7      | Reached * piety under Makhleb
  7402 | D:8      | Reached skill level 2 in Armour
  7407 | D:8      | Reached skill level 11 in Long Blades
  7614 | D:8      | Noticed a komodo dragon
  7615 | D:8      | Found a staircase to the Lair.
  7632 | D:8      | Killed a komodo dragon
  7632 | D:8      | Reached skill level 8 in Fighting
  7632 | D:8      | Reached skill level 3 in Armour
  8054 | D:8      | Noticed Grum
  8062 | D:8      | Killed Grum
  8171 | D:8      | Reached skill level 4 in Armour
  8241 | D:8      | Found a shadowy altar of Dithmenos.
  8459 | D:8      | Noticed Psyche
  8606 | D:9      | Noticed a gargoyle
  8617 | D:9      | Killed a gargoyle
  8617 | D:9      | Reached skill level 12 in Long Blades
  8618 | D:9      | Reached ** piety under Makhleb
  8833 | D:9      | Found Meefed's Weapon Emporium.
  8871 | D:9      | Noticed Maurice
  8899 | D:9      | Found Dyogeahu's Distillery.
  8899 | D:9      | Noticed Erolcha
  8907 | D:9      | Cast into level 1 of the Abyss (Erolcha)
  8958 | Abyss:1  | Noticed a thrashing horror
  8990 | Abyss:1  | Killed a thrashing horror
  8990 | Abyss:1  | Reached skill level 9 in Fighting
  8990 | Abyss:1  | Reached skill level 5 in Armour
  8990 | Abyss:1  | Reached XP level 10. HP: 26/91 MP: 9/9
  9051 | Abyss:1  | Noticed a purple draconian
  9057 | Abyss:1  | Noticed a starcursed mass
  9063 | Abyss:1  | Noticed a glowing orange brain
  9066 | Abyss:1  | Noticed a thrashing horror
  9074 | Abyss:1  | HP: 13/91 [starcursed mass/accursed screaming (11)]
  9075 | Abyss:1  | Killed from afar by a starcursed mass

Vault maps used:
D:1:      dpeg_arrival_short_road
D:2:      minmay_crystal_room, serial_bayou_pond_a
D:3:      cheibrodos_helix_gallery, minmay_strange_pillars,
          hangedman_decor_opposing, kennysheep_boxes
D:4:      portal_sewer_entry_e, uniq_grinder
D:5:      grunt_temple_overflow_open, basic_altar, first_ration
D:6:      minmay_temple_entry_fiery, eino_small_chamber_without_monster,
          tgw_trog, uniq_blork_the_orc
D:7:      basic_altar, hex_large, minmay_manual_mullet
D:8:      nicolae_dithmenos_shadow_blocks, david_lair_shrubbed, grunt_ogre_cave,
          kennysheep_generic_room_9, uniq_psyche, uniq_grum
D:9:      marbit_many_paths, serial_shops, shop, nicolae_shop_statue_plus,
          nicolae_shop_competitors_out_of_business, shop, shop, uniq_erolcha,
          uniq_pikel, uniq_maurice
Temple:   regret_index_temple_waves
Abyss:1:  minivault_11

Skill      XL: |  1  2  3  4  5  6  7  8  9 |
---------------+----------------------------+-----
Long Blades    | 4 5 6 7 8 10 12 | 12.5
Fighting       | 3 4 5 6 7 9 |  9.1
Dodging        | 4 5 6 7 |  7.0
Armour         | 1 5 |  5.2
Throwing       | |  2.0

Action                   |  1- 3 |  4- 6 |  7- 9 | 10-12 || total
-------------------------+-------+-------+-------+-------++-------
Melee: Long sword        |    46 |    96 |   295 |       ||   437
       Headbutt          |     6 |    38 |    79 |     1 ||   124
Evoke: Wand              |       |       |    10 |       ||    10
  Use: Potion            |     3 |       |     1 |       ||     4
       Scroll            |       |       |     6 |     6 ||    12
 Stab: Sleeping          |       |       |     2 |       ||     2
  Eat: Chunk             |     2 |     6 |    15 |       ||    23
       Ration            |       |       |     1 |       ||     1
Armor: Leather armour    |    11 |       |       |       ||    11
       Ring mail         |       |    29 |    22 |     3 ||    54
       Chain mail        |       |       |    59 |       ||    59
Dodge: Dodged            |    38 |    60 |   193 |    10 ||   301
       Rpst.: Long sword |    11 |    22 |    49 |     1 ||    83

Table legend:
 A = Non-vault XP
 B = Vault XP
 C = Vault XP percentage of total XP
 D = Non-vault monster count
 E = Vault monster count
 F = Vault count percentage of total count
                 A         B        C        D         E       F
            +---------+---------+-------+---------+---------+-------
      Total |    3942 |    1967 |  33.3 |     154 |      28 |  15.4
            +---------+---------+-------+---------+---------+-------
        D:1 |      13 |       0 |   0.0 |       8 |       0 |   0.0
        D:2 |     109 |       0 |   0.0 |      27 |       0 |   0.0
        D:3 |     223 |       3 |   1.3 |      18 |       2 |  10.0
        D:4 |     361 |     324 |  47.3 |      27 |       9 |  25.0
        D:5 |     631 |       0 |   0.0 |      25 |       0 |   0.0
        D:6 |     560 |     113 |  16.8 |      15 |       6 |  28.6
        D:7 |     272 |     286 |  51.3 |      14 |       3 |  17.6
        D:8 |     312 |    1241 |  79.9 |      14 |       8 |  36.4
        D:9 |     629 |       0 |   0.0 |       5 |       0 |   0.0
    Abyss:1 |     832 |       0 |   0.0 |       1 |       0 |   0.0
            +---------+---------+-------+---------+---------+-------

Vault maps used:
D:1:      dpeg_arrival_short_road
D:2:      minmay_crystal_room, serial_bayou_pond_a
D:3:      cheibrodos_helix_gallery, minmay_strange_pillars,
          hangedman_decor_opposing, kennysheep_boxes
D:4:      portal_sewer_entry_e, uniq_grinder
D:5:      grunt_temple_overflow_open, basic_altar, first_ration
D:6:      minmay_temple_entry_fiery, eino_small_chamber_without_monster,
          tgw_trog, uniq_blork_the_orc
D:7:      basic_altar, hex_large, minmay_manual_mullet
D:8:      nicolae_dithmenos_shadow_blocks, david_lair_shrubbed, grunt_ogre_cave,
          kennysheep_generic_room_9, uniq_psyche, uniq_grum
D:9:      marbit_many_paths, serial_shops, shop, nicolae_shop_statue_plus,
          nicolae_shop_competitors_out_of_business, shop, shop, uniq_erolcha,
          uniq_pikel, uniq_maurice
Temple:   regret_index_temple_waves
Abyss:1:  minivault_11

Table legend:
 A = Turns spent in this place as a percentage of turns spent in the entire game.
 B = Non-inter-level travel turns spent in this place as a percentage of non-inter-level travel turns spent in the entire game.
 C = Inter-level travel turns spent in this place as a percentage of turns spent in this place.
 D = Turns resting spent in this place as a percentage of non-inter-level travel turns spent in this place.
 E = Turns spent auto-exploring this place as a percentage of non-inter-level travel turns spent in this place.
 F = Non-inter-level travel turns spent in this place divided by the number of levels of this place that you've seen.
                   A       B       C       D       E      F
               +-------+-------+-------+-------+-------+----------------------
         Total | 100.0 | 100.0 |   2.9 |  28.9 |  57.2 | 800.9
       Dungeon |  96.5 |  96.7 |   2.7 |  28.6 |  57.9 | 946.4
        Temple |   1.7 |   1.4 |  17.3 |   0.0 |  87.9 | 124.0
         Abyss |   1.9 |   1.9 |   0.0 |  60.7 |   0.0 | 168.0
               +-------+-------+-------+-------+-------+----------------------

Table legend:
 A = Kills in this place as a percentage of kills in entire the game.
 B = Kills by you in this place as a percentage of kills by you in the entire game.
 C = Kills by friends in this place as a percentage of kills by friends in the entire game.
 D = Other kills in this place as a percentage of other kills in the entire game.
 E = Experience gained in this place as a percentage of experience gained in the entire game.
 F = Experience gained in this place divided by the number of levels of this place that you have seen.
                   A       B       C       D       E      F
               +-------+-------+-------+-------+-------+----------------------
         Total | 100.0 | 100.0 |   N/A |   N/A | 100.0 | 537.2
       Dungeon |  99.5 |  99.5 |   N/A |   N/A |  85.9 | 564.1
         Abyss |   0.5 |   0.5 |   N/A |   N/A |  14.1 | 832.0
               +-------+-------+-------+-------+-------+----------------------
